| TOP OF THE 1ST |
|
University of North Carolina at Chapel Hill Tar Heels batting - Pitching for University of Toronto Marlies : LHP Antoine Herndon
|
|
Pitching: LHP Antoine Herndon
|
|
|
Batting: RHB Bill Atley
|
0-0: Ball 1-0: Called Strike 1-1: Foul Ball, location: 2F 1-2: Ball 2-2: Strikes out swinging
|
|
Batting: RHB Jonathan Winkler
|
0-0: DOUBLE (Flyball, 78D, EV 103.8 MPH)
|
|
Batting: RHB Jeremy Rollins
|
0-0: Ball 1-0: Ground out 6-3 (Groundball, 6, EV 109.4 MPH)
|
|
Batting: RHB Brandon Wilson
|
0-0: Ball 1-0: Foul Ball, location: 2F 1-1: Ball 2-1: Foul Ball, location: 2F 2-2: Foul Ball, location: 2F 2-2: SINGLE (Groundball, 5L, EV 103.1 MPH) (infield hit) Jonathan Winkler to third
|
|
Batting: RHB Paul Holland
|
0-0: Called Strike 0-1: Fly out, F7 (Flyball, 7, EV 85.6 MPH)
|
| Top of the 1st over - 0 runs, 2 hits, 0 errors, 2 left on base; University of North Carolina at Chapel Hill 0 - University of Toronto 0 |
| BOTTOM OF THE 1ST |
|
University of Toronto Marlies batting - Pitching for University of North Carolina at Chapel Hill Tar Heels : RHP Bruce Boivin
|
|
Pitching: RHP Bruce Boivin
|
|
|
Batting: SHB Jose Melendez
|
0-0: Ball 1-0: Ball 2-0: Ball 3-0: Foul Ball, location: 2F 3-1: SINGLE (Groundball, 23, EV 74.4 MPH) (infield hit)
|
|
Batting: RHB Akichika Yamano
|
0-0: Called Strike 0-1: Foul Ball, location: 2F 0-2: Ball 1-2: Strikes out swinging
|
|
Batting: RHB Logan Johnson
|
0-0: Ball Jose Melendez is caught stealing 2nd base 2-4 1-0: Called Strike 1-1: Ball 2-1: Called Strike 2-2: Foul Ball, location: 2F 2-2: Strikes out looking
|
| Bottom of the 1st over - 0 runs, 1 hit, 0 errors, 0 left on base; University of North Carolina at Chapel Hill 0 - University of Toronto 0 |
| TOP OF THE 2ND |
|
University of North Carolina at Chapel Hill Tar Heels batting - Pitching for University of Toronto Marlies : LHP Antoine Herndon
|
|
Batting: SHB Tom Auld
|
0-0: Ball 1-0: Ground out 4-3 (Groundball, 4S, EV 88.8 MPH)
|
|
Batting: SHB Rob Haney
|
0-0: SINGLE (Groundball, 4S, EV 71.9 MPH) (infield hit)
|
|
Batting: LHB Tim Wilton
|
0-0: Foul Ball, location: 2F 0-1: Ball 1-1: Swinging Strike 1-2: Strikes out swinging
|
|
Batting: RHB James Bickel
|
0-0: Ball 1-0: Called Strike 1-1: SINGLE (Groundball, 3D, EV 101.2 MPH) Rob Haney to second Runner from 2nd tries for 3rd, SAFE, throw by RF made to third
|
|
Batting: RHB Bill Atley
|
0-0: Ball 1-0: Ball 2-0: Foul Ball, location: 2F 2-1: TRIPLE (Flyball, 89XD, EV 98.1 MPH) Rob Haney scores James Bickel scores
|
|
Batting: RHB Jonathan Winkler
|
0-0: Ball 1-0: Foul Ball, location: 2F 1-1: Ball 2-1: Ball 3-1: Called Strike 3-2: Reached on error, E5 (Groundball, 56S, EV 68.1 MPH) Bill Atley scores
|
|
Batting: RHB Jeremy Rollins
|
0-0: Foul Ball, location: 2F 0-1: Ball 1-1: Foul Ball, location: 2F 1-2: Strikes out swinging
|
| Top of the 2nd over - 3 runs, 3 hits, 1 error, 1 left on base; University of North Carolina at Chapel Hill 3 - University of Toronto 0 |
| BOTTOM OF THE 2ND |
|
University of Toronto Marlies batting - Pitching for University of North Carolina at Chapel Hill Tar Heels : RHP Bruce Boivin
|
|
Batting: LHB Efrem Isaev
|
0-0: Called Strike 0-1: Foul Ball, location: 2F 0-2: Ball 1-2: Ball 2-2: Foul Ball, location: 2F 2-2: Foul Ball, location: 2F 2-2: Foul Ball, location: 2F 2-2: Foul Ball, location: 2F 2-2: Ball 3-2: Fly out, F3 (Popup, 23F, EV 82.5 MPH)
|
|
Batting: RHB Frank Pena
|
0-0: Ball 1-0: Foul Ball, location: 2F 1-1: Ball 2-1: Foul Ball, location: 2F 2-2: Ball 3-2: Fly out, F8 (Flyball, 8RM, EV 89.4 MPH)
|
|
Batting: RHB Jeff McClellan
|
0-0: Ball 1-0: Ball 2-0: Ground out 4-3 (Groundball, 4, EV 85.6 MPH)
|
| Bottom of the 2nd over - 0 runs, 0 hits, 0 errors, 0 left on base; University of North Carolina at Chapel Hill 3 - University of Toronto 0 |
| TOP OF THE 3RD |
|
University of North Carolina at Chapel Hill Tar Heels batting - Pitching for University of Toronto Marlies : LHP Antoine Herndon
|
|
Batting: RHB Brandon Wilson
|
0-0: Ball 1-0: Ball 2-0: Foul Ball, location: 2F 2-1: Ground out 4-3 (Groundball, 4, EV 108.8 MPH)
|
|
Batting: RHB Paul Holland
|
0-0: Ball 1-0: Foul Ball, location: 2F 1-1: Ball 2-1: Fly out, F9 (Line Drive, 89D, EV 108.8 MPH)
|
|
Batting: SHB Tom Auld
|
0-0: Ground out 4-3 (Groundball, 4, EV 83.8 MPH)
|
| Top of the 3rd over - 0 runs, 0 hits, 0 errors, 0 left on base; University of North Carolina at Chapel Hill 3 - University of Toronto 0 |
| BOTTOM OF THE 3RD |
|
University of Toronto Marlies batting - Pitching for University of North Carolina at Chapel Hill Tar Heels : RHP Bruce Boivin
|
|
Batting: SHB Ed Thorpe Jr.
|
0-0: Called Strike 0-1: Foul Ball, location: 2F 0-2: Ball 1-2: Ball 2-2: Strikes out looking
|
|
Batting: SHB Shannon Britten
|
0-0: Ball 1-0: Swinging Strike 1-1: Foul Ball, location: 2F 1-2: Foul Ball, location: 2F 1-2: Fly out, F7 (Flyball, 7, EV 86.2 MPH)
|
|
Batting: RHB Alex Gonzalez
|
0-0: Foul Ball, location: 2F 0-1: Foul Ball, location: 2F 0-2: Ball 1-2: Ball 2-2: Ball 3-2: Strikes out swinging
|
| Bottom of the 3rd over - 0 runs, 0 hits, 0 errors, 0 left on base; University of North Carolina at Chapel Hill 3 - University of Toronto 0 |
| TOP OF THE 4TH |
|
University of North Carolina at Chapel Hill Tar Heels batting - Pitching for University of Toronto Marlies : LHP Antoine Herndon
|
|
Batting: SHB Rob Haney
|
0-0: Ball 1-0: Ball 2-0: Called Strike 2-1: Ground out U3 (Groundball, 34, EV 81.9 MPH)
|
|
Batting: LHB Tim Wilton
|
0-0: Ball 1-0: Called Strike 1-1: Foul Ball, location: 2F 1-2: Strikes out swinging
|
|
Batting: RHB James Bickel
|
0-0: Called Strike 0-1: Fly out, F8 (Line Drive, 8RD, EV 95.6 MPH)
|
| Top of the 4th over - 0 runs, 0 hits, 0 errors, 0 left on base; University of North Carolina at Chapel Hill 3 - University of Toronto 0 |
| BOTTOM OF THE 4TH |
|
University of Toronto Marlies batting - Pitching for University of North Carolina at Chapel Hill Tar Heels : RHP Bruce Boivin
|
|
Batting: SHB Jose Melendez
|
0-0: Ball 1-0: Ground out 6-3 (Groundball, 6M, EV 110.6 MPH)
|
|
Batting: RHB Akichika Yamano
|
0-0: Ball 1-0: Foul Ball, location: 2F 1-1: Foul Ball, location: 2F 1-2: Foul Ball, location: 2F 1-2: Ground out 6-3 (Groundball, 6D, EV 105.0 MPH)
|
|
Batting: RHB Logan Johnson
|
0-0: Foul Ball, location: 2F 0-1: Ball 1-1: Ground out 3-1 (Groundball, 34, EV 77.5 MPH)
|
| Bottom of the 4th over - 0 runs, 0 hits, 0 errors, 0 left on base; University of North Carolina at Chapel Hill 3 - University of Toronto 0 |
| TOP OF THE 5TH |
|
University of North Carolina at Chapel Hill Tar Heels batting - Pitching for University of Toronto Marlies : LHP Antoine Herndon
|
|
Batting: RHB Bill Atley
|
0-0: Called Strike 0-1: Foul Ball, location: 2F 0-2: Ball 1-2: Foul Ball, location: 2F 1-2: Ball 2-2: Ground out 5-3 (Groundball, 56, EV 81.9 MPH)
|
|
Batting: RHB Jonathan Winkler
|
0-0: Called Strike 0-1: Ball 1-1: Fly out, F8 (Flyball, 8RD, EV 103.8 MPH)
|
|
Batting: RHB Jeremy Rollins
|
0-0: Foul Ball, location: 2F 0-1: Ball 1-1: Ball 2-1: Called Strike 2-2: Strikes out looking
|
| Top of the 5th over - 0 runs, 0 hits, 0 errors, 0 left on base; University of North Carolina at Chapel Hill 3 - University of Toronto 0 |
| BOTTOM OF THE 5TH |
|
University of Toronto Marlies batting - Pitching for University of North Carolina at Chapel Hill Tar Heels : RHP Bruce Boivin
|
|
Batting: LHB Efrem Isaev
|
0-0: Called Strike 0-1: Swinging Strike 0-2: Ball 1-2: Strikes out looking
|
|
Batting: RHB Frank Pena
|
0-0: Called Strike 0-1: Ball 1-1: DOUBLE (Flyball, 9LD, EV 88.8 MPH)
|
|
Batting: RHB Jeff McClellan
|
0-0: Called Strike 0-1: Ball 1-1: Ground out 3-1 (Groundball, 34, EV 99.4 MPH) Frank Pena to third
|
|
Pitching: RHP Didier Pages
|
|
|
Batting: SHB Ed Thorpe Jr.
|
0-0: Ball 1-0: Ball 2-0: Foul Ball, location: 2F 2-1: Called Strike 2-2: Ball 3-2: Foul Ball, location: 2F 3-2: Foul Ball, location: 2F 3-2: Ground out 4-3 (Groundball, 4, EV 78.1 MPH)
|
| Bottom of the 5th over - 0 runs, 1 hit, 0 errors, 1 left on base; University of North Carolina at Chapel Hill 3 - University of Toronto 0 |
| TOP OF THE 6TH |
|
University of North Carolina at Chapel Hill Tar Heels batting - Pitching for University of Toronto Marlies : LHP Antoine Herndon
|
|
Batting: RHB Brandon Wilson
|
0-0: Ball 1-0: Foul Ball, location: 2F 1-1: Ball 2-1: Foul Ball, location: 2F 2-2: Ball 3-2: Foul Ball, location: 2F 3-2: Strikes out swinging, 2-3 out at first.
|
|
Pitching: RHP Jose Arredondo
|
|
|
Batting: RHB Paul Holland
|
0-0: Ball 1-0: Ball 2-0: Ball 3-0: Base on Balls
|
|
Batting: SHB Tom Auld
|
0-0: Ball 1-0: Ball 2-0: Ball 3-0: Called Strike 3-1: Fly out, F6 (Popup, 6, EV 56.2 MPH)
|
|
Batting: SHB Rob Haney
|
0-0: Called Strike 0-1: Ball 1-1: Swinging Strike 1-2: SINGLE (Line Drive, 34D, EV 94.4 MPH) Paul Holland to second Runner from 2nd tries for 3rd, SAFE, throw by RF made to third
|
|
Batting: LHB Tim Wilton
|
0-0: Ground out 4-3 (Groundball, 34, EV 97.5 MPH)
|
| Top of the 6th over - 0 runs, 1 hit, 0 errors, 2 left on base; University of North Carolina at Chapel Hill 3 - University of Toronto 0 |
| BOTTOM OF THE 6TH |
|
University of Toronto Marlies batting - Pitching for University of North Carolina at Chapel Hill Tar Heels : RHP Didier Pages
|
|
Batting: SHB Shannon Britten
|
0-0: Fly out, F8 (Flyball, 8RD, EV 100.0 MPH)
|
|
Batting: RHB Alex Gonzalez
|
0-0: Ball 1-0: Ball 2-0: Ball 3-0: Base on Balls
|
|
Batting: SHB Jose Melendez
|
0-0: Called Strike 0-1: Called Strike 0-2: Foul Ball, location: 2F 0-2: Strikes out swinging
|
|
Batting: RHB Akichika Yamano
|
0-0: Ball 1-0: Foul Ball, location: 2F 1-1: SINGLE (Groundball, 6, EV 96.9 MPH) Alex Gonzalez to second
|
|
Batting: RHB Logan Johnson
|
0-0: Called Strike 0-1: Foul Ball, location: 2F 0-2: Ball 1-2: Foul Ball, location: 2F 1-2: Fly out, F8 (Flyball, 8RXD, EV 91.9 MPH)
|
| Bottom of the 6th over - 0 runs, 1 hit, 0 errors, 2 left on base; University of North Carolina at Chapel Hill 3 - University of Toronto 0 |
| TOP OF THE 7TH |
|
University of North Carolina at Chapel Hill Tar Heels batting - Pitching for University of Toronto Marlies : RHP Jose Arredondo
|
|
Batting: RHB James Bickel
|
0-0: Ground out U3 (Groundball, 34, EV 85.0 MPH)
|
|
Batting: RHB Bill Atley
|
0-0: Called Strike 0-1: Fly out, F5 (Popup, 5, EV 79.4 MPH)
|
|
Batting: RHB Jonathan Winkler
|
0-0: Ball 1-0: Ball 2-0: SINGLE (Flyball, 4D, EV 83.8 MPH)
|
|
Batting: RHB Jeremy Rollins
|
0-0: Called Strike 0-1: Called Strike 0-2: Foul Ball, location: 2F 0-2: Ball 1-2: Foul Ball, location: 2F 1-2: Strikes out swinging
|
| Top of the 7th over - 0 runs, 1 hit, 0 errors, 1 left on base; University of North Carolina at Chapel Hill 3 - University of Toronto 0 |
| BOTTOM OF THE 7TH |
|
University of Toronto Marlies batting - Pitching for University of North Carolina at Chapel Hill Tar Heels : RHP Didier Pages
|
|
Pitching: RHP Vince Sumpter
|
|
|
Batting: LHB Efrem Isaev
|
0-0: Ball 1-0: Foul Ball, location: 2F 1-1: Ground out 4-3 (Groundball, 4, EV 107.5 MPH)
|
|
Batting: RHB Frank Pena
|
0-0: Ball 1-0: Ball 2-0: Ground out 6-3 (Groundball, 6S, EV 90.6 MPH)
|
|
Batting: RHB Jeff McClellan
|
0-0: Swinging Strike 0-1: Swinging Strike 0-2: Ball 1-2: Foul Ball, location: 2F 1-2: Foul Ball, location: 2F 1-2: Foul Ball, location: 2F 1-2: Ball 2-2: Foul Ball, location: 2F 2-2: Ball 3-2: Ground out U3 (Groundball, 34S, EV 81.9 MPH)
|
| Bottom of the 7th over - 0 runs, 0 hits, 0 errors, 0 left on base; University of North Carolina at Chapel Hill 3 - University of Toronto 0 |
| TOP OF THE 8TH |
|
University of North Carolina at Chapel Hill Tar Heels batting - Pitching for University of Toronto Marlies : RHP Jose Arredondo
|
|
Pitching: RHP Mike Zambrano Jr.
|
|
|
Batting: RHB Brandon Wilson
|
0-0: Ball 1-0: Swinging Strike 1-1: Ball 2-1: Swinging Strike 2-2: Ball 3-2: Foul Ball, location: 2F 3-2: Fly out, F8 (Flyball, 89D, EV 105.0 MPH)
|
|
Batting: RHB Juan Mejia
|
0-0: Ball 1-0: Ball 2-0: Ball 3-0: Called Strike 3-1: Base on Balls
|
|
Batting: SHB Tom Auld
|
0-0: Ball 1-0: Ball 2-0: Called Strike 2-1: Fielders Choice at 2nd, 6-4 (Groundball, 6, EV 85.0 MPH)
|
|
Batting: SHB Rob Haney
|
0-0: Swinging Strike 0-1: Foul Ball, location: 2F 0-2: Ball 1-2: Strikes out swinging
|
| Top of the 8th over - 0 runs, 0 hits, 0 errors, 1 left on base; University of North Carolina at Chapel Hill 3 - University of Toronto 0 |
| BOTTOM OF THE 8TH |
|
University of Toronto Marlies batting - Pitching for University of North Carolina at Chapel Hill Tar Heels : RHP Vince Sumpter
|
|
Pitching: RHP Bobby Franco
|
|
|
Batting: SHB Ed Thorpe Jr.
|
0-0: Fly out, F9 (Flyball, 9D, EV 89.4 MPH)
|
|
Batting: SHB Shannon Britten
|
0-0: Fly out, F9 (Flyball, 9LD, EV 103.8 MPH)
|
|
Pinch Hitting: SHB Jack Tierney
|
0-0: Ball 1-0: Ball 2-0: Called Strike 2-1: Ball 3-1: Base on Balls
|
|
Pinch Hitting: RHB Elmar Adenauer
|
0-0: 2-RUN HOME RUN (Line Drive, 7D, EV 100.6 MPH), Distance : 388 ft
|
|
Batting: RHB Akichika Yamano
|
0-0: Ball 1-0: Ball 2-0: Ball 3-0: Base on Balls
|
|
Batting: RHB Logan Johnson
|
0-0: Ball 1-0: Foul Ball, location: 2F 1-1: Ball 2-1: SINGLE (Line Drive, 8LM, EV 94.4 MPH) Akichika Yamano to second Runner from 2nd tries for 3rd, SAFE, throw by CF made to third
|
|
Pitching: RHP C.J. Dombrowski
|
|
|
Batting: LHB Efrem Isaev
|
0-0: Ball 1-0: Foul Ball, location: 2F 1-1: Foul Ball, location: 2F 1-2: Ball 2-2: 3-RUN HOME RUN (Flyball, 7LD, EV 92.5 MPH), Distance : 338 ft
|
|
Batting: RHB Frank Pena
|
0-0: Ball 1-0: SOLO HOME RUN (Flyball, 9LD, EV 90.6 MPH), Distance : 340 ft
|
|
Batting: RHB Jeff McClellan
|
0-0: SINGLE (Groundball, 56S, EV 77.5 MPH) (infield hit)
|
|
Batting: SHB Ed Thorpe Jr.
|
0-0: Ball 1-0: Ball 2-0: Fly out, F8 (Flyball, 8LD, EV 108.1 MPH)
|
| Bottom of the 8th over - 6 runs, 5 hits, 0 errors, 1 left on base; University of North Carolina at Chapel Hill 3 - University of Toronto 6 |
| TOP OF THE 9TH |
|
University of North Carolina at Chapel Hill Tar Heels batting - Pitching for University of Toronto Marlies : RHP Mike Zambrano Jr.
|
|
Pitching: RHP RĂ¼diger Stritter
|
|
|
Now at 1B: Ed Thorpe Jr.
|
|
|
Now at 2B: Tony Cisneros
|
|
|
Now in LF: Jack Tierney
|
|
|
Now in CF: Sergio Andrada
|
|
|
Pinch Hitting: LHB Ron de Vos
|
0-0: Foul Ball, location: 2F 0-1: Ball 1-1: Swinging Strike 1-2: Ball 2-2: Ball 3-2: Strikes out looking
|
|
Batting: RHB James Bickel
|
0-0: Ground out 5-3 (Groundball, 56, EV 87.5 MPH)
|
|
Batting: RHB Bill Atley
|
0-0: Called Strike 0-1: Called Strike 0-2: Foul Ball, location: 2F 0-2: Ball 1-2: Ball 2-2: Strikes out swinging
|
| Top of the 9th over - 0 runs, 0 hits, 0 errors, 0 left on base; University of North Carolina at Chapel Hill 3 - University of Toronto 6 |
|